 Dungeon Crawl Stone Soup version 0.27.1-33-g824d729ab1 (webtiles) character file.

Game seed: 18257225580762690205

837 halfoni the Chopper (level 7, -18/114 HPs)
             Began as an Ogre Berserker on Dec 18, 2021.
             Was a Believer of Trog.
             Demolished by a two-headed ogre (20 damage)
             ... on level 5 of the Dungeon.
             The game lasted 00:07:22 (6435 turns).

halfoni the Chopper (Ogre Berserker)                Turns: 6435, Time: 00:07:22

Health: -18/114    AC:  4    Str: 24    XL:     7   Next: 99%
Magic:  7/7        EV: 10    Int:  8    God:    Trog [**....]
Gold:   170        SH:  0    Dex:  8    Spells: 6/6 levels left

rFire    . . .     SeeInvis .   s - +0 battleaxe
rCold    . . .     Faith    .   (shield currently unavailable)
rNeg     . . .     Spirit   .   b - +0 animal skin
rPois    +         Reflect  .   (helmet restricted)
rElec    .         Harm     .   r - +0 cloak
rCorr    .         Rampage  .   (gloves unavailable)
Will     .....                  (boots unavailable)
Stlth    ..........             (no amulet)
HPRegen  0.29/turn              d - ring of poison resistance
MPRegen  0.10/turn              (no ring)

@: berserking, very quick
A: large, unfitting armour, tough skin 1
a: Renounce Religion, Berserk, Trog's Hand


You were on level 5 of the Dungeon.
You worshipped Trog.
Trog was pleased with you.
You visited 1 branch of the dungeon, and saw 5 of its levels.

You collected 170 gold pieces.

Inventory:

Hand Weapons
 k - a +0 war axe
 n - a +0 vorpal flail
 s - a +0 battleaxe (weapon)
Armour
 b - a +0 animal skin (worn)
 r - a +0 cloak (worn)
Jewellery
 d - a ring of poison resistance (left hand)
Wands
 l - a wand of digging (6)
Scrolls
 a - a scroll of magic mapping {unknown}
 f - a scroll of identify {unknown}
 h - 2 scrolls of teleportation {unknown}
 m - a scroll of fog {unknown}
 o - a scroll of enchant armour {unknown}
 q - 2 scrolls of silence {unknown}
Potions
 c - a potion of magic {unknown}
 e - a potion of brilliance {unknown}
 g - a potion of resistance {unknown}
 i - a potion of curing
 j - a potion of flight {unknown}
 p - a potion of attraction {unknown}


   Skills:
 + Level 6.6 Fighting
 + Level 6.8 Axes
 + Level 4.7 Dodging
 - Level 1.0 Stealth


You had 6 spell levels left.
You didn't know any spells.
Your spell library was empty.

Dungeon Overview and Level Annotations

Branches:
Dungeon (5/15)             Temple (0/1) D:5

Altars:
Elyvilon
Kikubaaqudgha
Makhleb
Okawaru
Qazlal
Sif Muna
The Shining One

Shops:
D:2 (   D:5 (

Annotations:
D:3 1 runed translucent door, Ceno's ghost, amateur PaWr


Innate Abilities, Weirdness & Mutations

You are too large for most types of armour.
You have tough skin. (AC +1)


Message History

Done waiting.
Things that are here:
a +0 giant club; an ogre skeleton
Found a battleaxe.
You see here a +0 battleaxe.
Found 8 gold pieces.
Unknown command.
You now have 170 gold pieces (gained 8).
There are no items here.
You see here a +0 battleaxe.
s - a +0 battleaxe
s - a +0 battleaxe (weapon)
A two-headed ogre comes into view.
It is wielding a +0 giant spiked club and a +0 giant club.
The two-headed ogre shouts in stereo!
The two-headed ogre hits you with a +0 giant spiked club!!
The two-headed ogre hits you with a +0 giant club!
You hit the two-headed ogre.
The two-headed ogre is lightly wounded.
The two-headed ogre misses you.
The two-headed ogre hits you with a +0 giant club!
You are too injured to fight recklessly!
A red film seems to cover your vision as you go berserk!
You feel yourself moving faster!
You feel mighty!
The two-headed ogre hits you with a +0 giant spiked club!!
* * * LOW HITPOINT WARNING * * *
The two-headed ogre barely misses you.
You are too injured to fight recklessly!
You are too injured to fight recklessly!
You barely miss the two-headed ogre.
The two-headed ogre is lightly wounded.
The two-headed ogre hits you with a +0 giant spiked club!
* * * LOW HITPOINT WARNING * * *
The two-headed ogre hits you with a +0 giant club!
* * * LOW HITPOINT WARNING * * *
You slash the two-headed ogre!
The two-headed ogre is lightly wounded.
You slice the two-headed ogre!!
The two-headed ogre is severely wounded.
The two-headed ogre hits you with a +0 giant spiked club!!
You die...

### #####
#@#####...#
#O#......#.#
#.###.###...########
## #######........#
###..#.######.#
###.#....# #.#
###.#..#.### #.#
#.#..#.#'# #.#
#..#.###.# ##.#


You could see a two-headed ogre.

Vanquished Creatures
  An ice beast (D:5)
  A necrophage (D:4)
  2 ogres
  A scorpion (D:4)
  A water moccasin zombie (D:5)
  A howler monkey (D:5)
  A jelly (D:4)
  A centaur zombie (D:5)
  A hound (D:5)
  Natasha (thrice) (D:4)
  5 adders
  4 gnolls (D:4)
  A white imp (D:3)
  An ufetubus (D:3)
  An adder skeleton (D:4)
  2 worms (D:2)
  A dart slug (D:2)
  4 orcs
  4 bats
  3 endoplasms
  6 giant cockroaches
  7 goblins
  3 hobgoblins
  12 jackals
  5 kobolds
  A quokka (D:1)
  4 ball pythons
  5 frilled lizards
  9 rats
91 creatures vanquished.

Vanquished Creatures (others)
  10 plants (D:2)
  4 toadstools (D:1)
14 creatures vanquished.

Grand Total: 105 creatures vanquished

Notes
Turn   | Place    | Note
-------+----------+-------------------------------------------
     0 | D:1      | halfoni the Ogre Berserker began the quest for the Orb.
     0 | D:1      | Reached XP level 1. HP: 24/24 MP: 1/1
   228 | D:1      | Reached XP level 2. HP: 32/32 MP: 2/2
   941 | D:1      | Reached XP level 3. HP: 40/40 MP: 3/3
  1076 | D:1      | Reached ** piety under Trog
  1851 | D:2      | Reached XP level 4. HP: 44/49 MP: 4/4
  2397 | D:2      | Found a faded altar of an unknown god.
  2408 | D:2      | Reached skill level 5 in Fighting
  2565 | D:2      | Found Jyplixai's Weapon Shop.
  2893 | D:3      | Found a glowing golden altar of the Shining One.
  3145 | D:3      | Reached XP level 5. HP: 20/57 MP: 5/5
  3492 | D:3      | Found a runed translucent door.
  3492 | D:3      | Noticed Ceno's ghost (amateur PaWr)
  3528 | D:3      | Found an ancient bone altar of Kikubaaqudgha.
  3720 | D:3      | Found an iron altar of Okawaru.
  3728 | D:3      | Found a shimmering blue altar of Sif Muna.
  3728 | D:3      | Found a stormy altar of Qazlal.
  3730 | D:3      | Found a burning altar of Makhleb.
  3731 | D:3      | Found a white marble altar of Elyvilon.
  3959 | D:4      | Noticed a necrophage
  3965 | D:4      | Killed a necrophage
  3982 | D:4      | HP: 1/57 [acid (7)]
  3984 | D:4      | Reached XP level 6. HP: 2/66 MP: 6/6
  4415 | D:4      | Noticed Natasha
  4424 | D:4      | Killed Natasha
  4528 | D:4      | Noticed Natasha
  4545 | D:4      | Killed Natasha
  4546 | D:4      | Reached skill level 5 in Axes
  4546 | D:4      | Reached skill level 1 in Stealth
  5017 | D:4      | Reached XP level 7. HP: 74/74 MP: 7/7
  5115 | D:4      | Noticed Natasha
  5122 | D:4      | Killed Natasha
  5321 | D:5      | Entered Level 5 of the Dungeon
  5589 | D:5      | Found Xauv's Antique Weapon Shoppe.
  5648 | D:5      | Found a staircase to the Ecumenical Temple.
  5674 | D:5      | Reached *** piety under Trog
  6430 | D:5      | Noticed a two-headed ogre
  6433 | D:5      | HP: 2/114 [two-headed ogre (7)]
  6435 | D:5      | Demolished by a two-headed ogre

Illustrated notes

Levels and vault maps discovered:
D:1:      ldierk_walled_garden_2, layout_loops_corners
D:2:      layout_basic, basic_ecumenical_altar, serial_shops, shop,
          serial_bayou_lagoon_b
D:3:      layout_rooms, minitemple, mainiacjoe_overflow_surrounded_room,
          mainiacjoe_overflow_alcove_2, gammafunk_ghost_grave
D:4:      layout_rooms, uniq_natasha
D:5:      minmay_razor_zed, layout_loops_ring, minmay_temple_entry_nine_rooms,
          serial_shops, kennysheep_mini

Skill      XL: |  1  2  3  4  5  6  7 |
---------------+----------------------+-----
Dodging        | 3 4 |  4.7
Fighting       | 5 6 |  6.6
Axes           | 4 5 6 |  6.8
Stealth        | 1 |  1.0

Action                   |  1- 3 |  4- 6 |  7- 9 || total
-------------------------+-------+-------+-------++-------
Melee: Hand axe          |   105 |    79 |       ||   184
       War axe           |       |    52 |    68 ||   120
       Battleaxe         |       |       |     4 ||     4
Invok: Berserk           |     3 |     5 |     4 ||    12
 Stab: Distracted        |       |     1 |       ||     1
Armor: Animal skin       |    26 |    34 |    14 ||    74
Dodge: Dodged            |    86 |    67 |    51 ||   204
